 Dungeon Crawl Stone Soup version 0.25.1-2-g60ff931df9 (webtiles) character file.

Game seed: 6715957374247022609

63 sanderoThegreat the Chopper (level 3, -3/30 HPs)
             Began as a Minotaur Gladiator on Aug 26, 2020.
             Killed by nerve-wracking pain
             ... invoked by Jessica
              (13 damage)
             ... on level 3 of the Dungeon.
             The game lasted 00:15:28 (1604 turns).

sanderoThegreat the Chopper (Minotaur Gladiator)    Turns: 1604, Time: 00:15:29

Health: -3/30      AC:  8    Str: 19    XL:     3   Next: 89%
Magic:  2/2        EV:  8    Int:  5    God:
Gold:   57         SH:  0    Dex: 11    Spells: 2/2 levels left

rFire    . . .     SeeInvis .   a - +0 war axe
rCold    . . .     Gourm    .   (no shield)
rNeg     . . .     Faith    .   k - +0 chain mail
rPois    .         Spirit   .   c - +0 hat
rElec    .         Reflect  .   (no cloak)
rCorr    .         Harm     .   (no gloves)
MR       .....                  (no boots)
Stlth    ..........             (no amulet)
HPRegen  0.10/turn              (no ring)
MPRegen  0.08/turn              (no ring)

@: slowed, very slow
A: retaliatory headbutt, horns 2
a: no special abilities


You were on level 3 of the Dungeon.
You were very hungry.

You visited 1 branch of the dungeon, and saw 3 of its levels.

You collected 57 gold pieces.

Inventory:

Hand Weapons
 a - a +0 war axe (weapon)
 g - a +0 dagger
 h - a +0 dagger
 l - a +0 whip
 r - a +0 hunting sling
 w - a +0 club
 x - a +0 flail
 y - a +0 whip
 z - a +0 club
Missiles
 d - 3 throwing nets
 t - 26 poisoned darts (quivered)
 u - 6 stones
Armour
 b - a +0 leather armour
 c - a +0 hat (worn)
 k - a +0 chain mail (worn)
 s - a +0 robe
 v - a +0 ring mail
Scrolls
 e - 2 scrolls of magic mapping {unknown}
 j - a scroll of teleportation {unknown}
 m - a scroll of remove curse {unknown}
 o - a scroll of fear {unknown}
 p - a scroll of enchant weapon {unknown}
 q - a scroll of identify {unknown}
Potions
 n - a potion of haste {unknown}
Comestibles
 f - 2 rations
 i - 9 chunks of flesh


   Skills:
 + Level 2.9 Fighting
 + Level 4.6 Axes
 + Level 2.3 Throwing
 + Level 1.7 Armour
 + Level 3.6 Dodging


You had 2 spell levels left.
You didn't know any spells.
Your spell library was empty.

Dungeon Overview and Level Annotations

Branches:
Dungeon (3/15)

Altars:

Annotations:
D:3 Jessica


Innate Abilities, Weirdness & Mutations

You reflexively headbutt those who attack you in melee.
You have a pair of horns on your head.


Message History

You slash the worm!
The worm is severely wounded.
The worm bites you.
Jessica gestures wildly while chanting.
Jessica seems to speed up.
You hit the worm.
The worm is severely wounded.
You feel sick.
You are no longer poisoned.
The worm bites you.
* * * LOW HITPOINT WARNING * * *
The worm bites you but does no damage.
You hit the worm.
The worm is severely wounded.
The worm barely misses you. You furiously retaliate!
You headbutt the worm. You hit the worm. You headbutt the worm.
You kill the worm!
Jessica gestures at you while chanting. Pain shoots through your body!
You die...

####.####.)).......
#....###.)#######..
#....#####...÷....#..#
#.#####....####....[#
#.# ###.####......###
#. #.. ###.....#..# #>
#.# #.....####..# ##.
#.# #..#### #... ##..
#@###..# ##. ...
###†#...## #
#.###..@....#
###...÷...##.##
#.....÷÷.....#
#..#<#........# #..
#.#.......## #.
..#.......... ..
.#.#.......###


You could see Jessica (fast).

Vanquished Creatures
  An adder (D:2)
  2 worms
  3 dart slugs
  A leopard gecko (D:1)
  4 orcs (D:3)
  A giant cockroach (D:2)
  3 goblins
  5 hobgoblins
  4 jackals (D:3)
  4 kobolds
  A quokka (D:2)
  3 bats (D:1)
  2 rats
34 creatures vanquished.

Notes
Turn   | Place    | Note
-------+----------+-------------------------------------------
     0 | D:1      | sanderoThegreat the Minotaur Gladiator began the quest for
                  | the Orb.
     0 | D:1      | Reached XP level 1. HP: 18/18 MP: 0/0
   939 | D:1      | Reached XP level 2. HP: 25/25 MP: 1/1
   996 | D:1      | Reached skill level 4 in Axes
  1287 | D:2      | Reached skill level 1 in Armour
  1291 | D:2      | Reached XP level 3. HP: 22/30 MP: 2/2
  1584 | D:3      | Noticed Jessica
  1604 | D:3      | Killed from afar by Jessica

Illustrated notes

Levels and vault maps discovered:
D:1:      roderic_octagonal_star, layout_basic
D:2:      layout_basic, lemuel_coloured_pillars_altar, marbit_many_paths,
          first_ration
D:3:      layout_rooms, nicolae_overflow_crystal_walls,
          minmay_misc_feat_diagonals, uniq_jessica, uniq_crazy_yiuf_cottage

Skill      XL: |  1  2 |
---------------+-------+-----
Axes           | 4 |  4.6
Armour         | 1 |  1.7
Fighting       | |  2.9
Throwing       | |  2.3
Dodging        | |  3.6

Action                   || total
-------------------------++-------
Melee: War axe           ||    63
       Headbutt          ||    10
Throw: Throwing net      ||     1
       Dart              ||     8
  Eat: Chunk             ||     1
Armor: Leather armour    ||     5
       Chain mail        ||    28
Dodge: Dodged            ||    40
